[Event "GambitGuide"]
[Site "Internet Chess Club"]
[Date "2014.10.31"]
[Round "1"]
[White "JSBach"]
[Black "almoehi"]
[Result "1-0"]
[ICCResult "Black checkmated"]
[WhiteElo "1683"]
[BlackElo "1458"]
[Opening "Vienna: `Frankenstein-Dracula' variation"]
[ECO "C27"]
[NIC "VG.02"]
[Time "14:04:11"]
[TimeControl "120+12"]

1. e4 e5 2. Nc3 Nf6 3. Bc4 Nxe4 4. Qh5 Nd6 5. Bb3 Nc6 6. Nb5 g6 7. Qf3 f5 8.
Qd5 Qe7 9. Nxc7+ Kd8 10. Nxa8 b6 11. d3 e4 12. dxe4 Nxe4 13. Be3 f4 14. Nxb6
axb6 15. Bxb6+ Ke8 16. O-O-O Bg7 17. Re1 Qf6 18. Rxe4+ Ne5 19. Rxe5+ Qxe5
20. Qf7# {Black checkmated} 1-0

[Event "GambitGuide"]
[Site "Internet Chess Club"]
[Date "2014.10.31"]
[Round "1"]
[White "JSBach"]
[Black "croder"]
[Result "1-0"]
[ICCResult "Black resigns"]
[WhiteElo "1668"]
[BlackElo "1617"]
[Opening "Vienna: `Frankenstein-Dracula' variation"]
[ECO "C27"]
[NIC "VG.02"]
[Time "14:06:09"]
[TimeControl "120+12"]

1. e4 e5 2. Nc3 Nf6 3. Bc4 Nxe4 4. Qh5 Nd6 5. Bb3 Nc6 6. Nb5 g6 7. Qf3 f5 8.
Qd5 Qe7 9. Nxc7+ Kd8 10. Nxa8 b6 11. d3 Bb7 12. Nxb6 axb6 13. Qf3 Kc7 14.
Be3 f4 15. Bd2 Nd4 16. Qg4 Nxb3 17. axb3 h6 18. Qxg6 Qg7 19. Qxg7 Bxg7 20.
f3 Bf6 21. d4 e4 22. fxe4 Nxe4 23. Bxf4+ d6 24. Nf3 Rg8 25. O-O Ng5 26. Bxg5
Bxg5 27. Nxg5 Rxg5 28. Rf7+ Kc6 29. Ra7 Bc8 30. Rac7+ Kd5 31. Rxc8 b5 32.
Rf6 Ke4 33. Rxh6 d5 34. Rb6 Ke3 35. c3 Kd2 36. h4 Rg4 37. Rxb5 Rxh4 38. Rxd5
Kc2 39. b4 Kxb2 40. b5 Kc2 41. b6 Kd2 42. b7 Ke2 43. Re5+ Kd3 44. b8=Q Rh7
45. Qb1+ Kd2 46. Qxh7 {Black resigns} 1-0

[Event "GambitGuide"]
[Site "Internet Chess Club"]
[Date "2014.10.31"]
[Round "1"]
[White "JSBach"]
[Black "LeonieHelm"]
[Result "1-0"]
[ICCResult "Black resigns"]
[WhiteElo "1668"]
[BlackElo "1664"]
[Opening "Vienna: `Frankenstein-Dracula' variation"]
[ECO "C27"]
[NIC "VG.02"]
[Time "14:05:30"]
[TimeControl "120+12"]

1. e4 e5 2. Nc3 Nf6 3. Bc4 Nxe4 4. Qh5 Nd6 5. Bb3 Nc6 6. Nb5 g6 7. Qf3 f5 8.
Qd5 Qe7 9. Nxc7+ Kd8 10. Nxa8 b6 11. d3 Bb7 12. Nxb6 axb6 13. Qf3 Bg7 14.
Qh3 h5 15. Qg3 e4 16. Qxg6 exd3+ 17. Kd1 dxc2+ 18. Bxc2 Qe5 19. Be3 Nc4 20.
Rc1 Nb4 21. Bxb6+ Kc8 22. Be4 Qxe4 23. Qd6 Be5 24. Qxb4 Qd3+ 25. Ke1 Bd5 26.
b3 Qe4+ 27. Be3 f4 28. Qc5+ Kd8 29. bxc4 fxe3 30. Qa5+ Ke8 31. Qxd5 exf2+
32. Kxf2 Bd4+ 33. Kf1 Rf8+ 34. Nf3 Qd3+ 35. Ke1 Bc3+ 36. Kf2 Bd4+ 37. Kg3
h4+ 38. Kh3 Rxf3+ 39. gxf3 Kd8 40. Rcd1 {Black resigns} 1-0

[Event "GambitGuide"]
[Site "Internet Chess Club"]
[Date "2014.10.31"]
[Round "1"]
[White "JSBach"]
[Black "airantrobo"]
[Result "1-0"]
[ICCResult "Black resigns"]
[WhiteElo "1676"]
[BlackElo "1346"]
[Opening "Vienna: `Frankenstein-Dracula' variation"]
[ECO "C27"]
[NIC "VG.02"]
[Time "14:08:14"]
[TimeControl "120+12"]

1. e4 e5 2. Nc3 Nf6 3. Bc4 Nxe4 4. Qh5 Nd6 5. Bb3 Nc6 6. Nb5 g6 7. Qf3 f5 8.
Qd5 Qe7 9. Nxc7+ Kd8 10. Nxa8 b6 11. d3 Bb7 12. Nxb6 {Black resigns} 1-0

[Event "GambitGuide"]
[Site "Internet Chess Club"]
[Date "2014.10.31"]
[Round "1"]
[White "JSBach"]
[Black "bardenbabe"]
[Result "0-1"]
[ICCResult "White checkmated"]
[WhiteElo "1676"]
[BlackElo "1630"]
[Opening "Vienna: `Frankenstein-Dracula' variation"]
[ECO "C27"]
[NIC "VG.02"]
[Time "14:06:43"]
[TimeControl "120+12"]

1. e4 e5 2. Nc3 Nf6 3. Bc4 Nxe4 4. Qh5 Nd6 5. Bb3 Nc6 6. Nb5 g6 7. Qf3 f5 8.
Qd5 Qe7 9. Nxc7+ Kd8 10. Nxa8 b6 11. d3 Bb7 12. Nxb6 axb6 13. Qf3 Bg7 14.
Be3 Kc7 15. Bd5 Re8 16. Ne2 e4 17. Qf4 Be5 18. Qh6 Nb4 19. Bg5 Bf6 20. Bxf6
Qxf6 21. Bb3 exd3 22. cxd3 Nxd3+ 23. Kf1 Qxb2 24. Re1 Nxe1 25. Nf4 Qb1 26.
Bd1 Qxd1 27. Ne6+ Rxe6 28. Qc1+ Qxc1 29. f3 Nd3# {White checkmated} 0-1

[Event "GambitGuide"]
[Site "Internet Chess Club"]
[Date "2014.10.31"]
[Round "1"]
[White "JSBach"]
[Black "fearlessone"]
[Result "0-1"]
[ICCResult "White checkmated"]
[WhiteElo "1676"]
[BlackElo "1812"]
[Opening "Vienna: `Frankenstein-Dracula' variation"]
[ECO "C27"]
[NIC "VG.02"]
[Time "14:05:53"]
[TimeControl "120+12"]

1. e4 e5 2. Nc3 Nf6 3. Bc4 Nxe4 4. Qh5 Nd6 5. Bb3 Nc6 6. Nb5 g6 7. Qf3 f5 8.
Qd5 Qe7 9. Nxc7+ Kd8 10. Nxa8 b6 11. d3 Bb7 12. Nxb6 axb6 13. Qf3 Nd4 14.
Qh3 Nxb3 15. axb3 e4 16. d4 Bg7 17. Ne2 h6 18. Qg3 g5 19. O-O f4 20. Qg4 h5
21. Qh3 g4 22. Qc3 f3 23. gxf3 gxf3 24. Ng3 h4 25. Qb4 hxg3 26. Qxb6+ Kc8
27. hxg3 Qe6 28. Qc5+ Kd8 29. Qb6+ Ke7 30. Bg5+ Kf7 31. Bh4 Rxh4 32. Qd8
Rh1+ 33. Kxh1 Qh3+ 34. Kg1 Qg2# {White checkmated} 0-1

[Event "GambitGuide"]
[Site "Internet Chess Club"]
[Date "2014.10.31"]
[Round "1"]
[White "JSBach"]
[Black "jorgeearroyo"]
[Result "1-0"]
[ICCResult "Black resigns"]
[WhiteElo "1676"]
[BlackElo "1269"]
[Opening "Vienna: `Frankenstein-Dracula' variation"]
[ECO "C27"]
[NIC "VG.02"]
[Time "14:04:34"]
[TimeControl "120+12"]

1. e4 e5 2. Nc3 Nf6 3. Bc4 Nxe4 4. Qh5 Nd6 5. Bb3 Nc6 6. Nb5 g6 7. Qf3 f5 8.
Qd5 Qe7 9. Nxc7+ Kd8 10. Nxa8 b6 11. d3 Bb7 12. Nxb6 axb6 13. Qf3 Nd4 14.
Qg3 Bg7 15. Bg5 Bf6 16. Bxf6 Qxf6 17. Ba4 Bc6 18. Bb3 e4 19. dxe4 Bxe4 20.
O-O-O Nxb3+ 21. Qxb3 Bxg2 22. Qxb6+ Ke7 23. Qe3+ Ne4 24. Nf3 Bxh1 25. Rxh1
Rc8 26. Qh6 Nxf2 27. Re1+ Ne4 28. Ng5 Qd4 29. Qxh7+ Kf6 30. Nxe4+ fxe4 31.
Rf1+ Ke5 32. Qe7+ Kd5 33. Qxd7+ Kc4 34. Qxc8+ Kb5 35. Qe8+ Kb6 36. Re1 e3
37. Qxg6+ Kb5 38. Qd3+ Kb4 39. Qxd4+ {Black resigns} 1-0

[Event "GambitGuide"]
[Site "Internet Chess Club"]
[Date "2014.10.31"]
[Round "1"]
[White "JSBach"]
[Black "croder"]
[Result "1-0"]
[ICCResult "Black resigns"]
[WhiteElo "1696"]
[BlackElo "1617"]
[Opening "Vienna: `Frankenstein-Dracula' variation"]
[ECO "C27"]
[NIC "VG.02"]
[Time "14:08:15"]
[TimeControl "120+12"]

1. e4 e5 2. Nc3 Nf6 3. Bc4 Nxe4 4. Qh5 Nd6 5. Bb3 Nc6 6. Nb5 g6 7. Qf3 f5 8.
Qd5 Qe7 9. Nxc7+ Kd8 10. Nxa8 b6 11. d3 Bb7 12. Nxb6 axb6 13. Qf3 h6 14. Qg3
g5 15. Be3 f4 16. Bxb6+ Kc8 17. Qf3 h5 18. Bd5 Qf6 19. a3 g4 20. Qe2 Nf5 21.
Qe4 Nfe7 22. Bc5 Nxd5 23. Bxf8 Rxf8 24. Qxd5 Kc7 25. c3 d6 26. b4 Nd8 27.
Qc4+ Kd7 28. Kf1 h4 29. Re1 f3 30. Qxg4+ Kc7 31. Nxf3 Bxf3 32. Qxf3 Qxf3 33.
gxf3 Rxf3 34. Ke2 Rf4 35. a4 Ne6 36. a5 d5 37. b5 Kd6 38. a6 Rf7 39. b6 Kc6
40. b7 Kc7 41. d4 e4 42. c4 Nxd4+ 43. Kf1 dxc4 44. Rxe4 Nc6 45. Rxc4 Rf8 46.
Ke2 Rb8 47. Rhc1 Re8+ 48. Kf1 Re6 49. Rxc6+ Rxc6 50. Rxc6+ Kxc6 51. b8=Q
{Black resigns}
1-0

[Event "GambitGuide"]
[Site "Internet Chess Club"]
[Date "2014.10.31"]
[Round "1"]
[White "JSBach"]
[Black "canpawn"]
[Result "1-0"]
[ICCResult "Black resigns"]
[WhiteElo "1688"]
[BlackElo "1518"]
[Opening "Vienna: `Frankenstein-Dracula' variation"]
[ECO "C27"]
[NIC "VG.02"]
[Time "14:09:09"]
[TimeControl "120+12"]

1. e4 e5 2. Nc3 Nf6 3. Bc4 Nxe4 4. Qh5 Nd6 5. Bb3 Nc6 6. Nb5 g6 7. Qf3 f5 8.
Qd5 Qe7 9. Nxc7+ Kd8 10. Nxa8 b6 11. d3 Bb7 12. Nxb6 axb6 13. Qf3 Bg7 14.
Be3 Nd4 15. Qh3 Ne6 16. Bxb6+ Kc8 17. Nf3 Nf4 18. Qg3 Nb5 19. Rb1 e4 20.
Qxf4 exf3+ 21. Be3 fxg2 22. Rg1 Nd6 23. Qg5 Bf6 24. Qf4 Be5 25. Qb4 Bxh2 26.
Qc3+ Kb8 27. Qxh8+ Kc7 28. Ke2 Bxg1 29. Rxg1 Qh4 30. Qe5 Qh2 31. Qxh2
{Black resigns}
1-0

[Event "GambitGuide"]
[Site "Internet Chess Club"]
[Date "2014.10.31"]
[Round "1"]
[White "JSBach"]
[Black "croder"]
[Result "1-0"]
[ICCResult "Black checkmated"]
[WhiteElo "1697"]
[BlackElo "1617"]
[Opening "Vienna: `Frankenstein-Dracula' variation"]
[ECO "C27"]
[NIC "VG.02"]
[Time "14:10:45"]
[TimeControl "120+12"]

1. e4 e5 2. Nc3 Nf6 3. Bc4 Nxe4 4. Qh5 Nd6 5. Bb3 Nc6 6. Nb5 g6 7. Qf3 f5 8.
Qd5 Qe7 9. Nxc7+ Kd8 10. Nxa8 b6 11. d3 Bb7 12. Nxb6 axb6 13. Qf3 e4 14. Qe3
Kc7 15. d4 h6 16. Bd5 g5 17. Ne2 f4 18. Qb3 f3 19. gxf3 exf3 20. Qxf3 Nxd4
21. Qc3+ Nc6 22. Qxh8 Bg7 23. Qg8 Nd8 24. Bxb7 N8xb7 25. Rg1 Nc5 26. h4 Nce4
27. hxg5 hxg5 28. f3 Nf6 29. Qb3 Qe5 30. Rxg5 Qh2 31. Qc3+ Kb7 32. Rxg7 Qh1+
33. Ng1 Nfe4 34. fxe4 Nxe4 35. Rxd7+ Ka6 36. Qd3+ Ka5 37. Ra7+ Kb4 38. a3+
Kc5 39. Rc7# {Black checkmated} 1-0

[Event "GambitGuide"]
[Site "Internet Chess Club"]
[Date "2014.10.31"]
[Round "1"]
[White "JSBach"]
[Black "FischerKing"]
[Result "1-0"]
[ICCResult "Black resigns"]
[WhiteElo "1697"]
[BlackElo "1739"]
[Opening "Vienna: `Frankenstein-Dracula' variation"]
[ECO "C27"]
[NIC "VG.02"]
[Time "14:09:59"]
[TimeControl "120+12"]

1. e4 e5 2. Nc3 Nf6 3. Bc4 Nxe4 4. Qh5 Nd6 5. Bb3 Nc6 6. Nb5 g6 7. Qf3 f5 8.
Qd5 Qe7 9. Nxc7+ Kd8 10. Nxa8 b6 11. d3 Bb7 12. Nxb6 axb6 13. Qf3 e4 14.
dxe4 Nxe4 15. Be3 Qb4+ 16. c3 Nxc3 17. Bg5+ Kc8 18. bxc3 Qc5 19. Rd1 Bg7 20.
Ne2 Re8 21. O-O h6 22. Rd5 Qa3 23. Bc1 Qe7 24. Qe3 Qf8 25. Qd2 Ne5 26. Rd4
Nf3+ 27. gxf3 Bxd4 28. Nxd4 {Black resigns} 1-0

[Event "GambitGuide"]
[Site "Internet Chess Club"]
[Date "2014.10.31"]
[Round "1"]
[White "JSBach"]
[Black "croder"]
[Result "1-0"]
[ICCResult "Black resigns"]
[WhiteElo "1697"]
[BlackElo "1617"]
[Opening "Vienna: `Frankenstein-Dracula' variation"]
[ECO "C27"]
[NIC "VG.02"]
[Time "14:12:33"]
[TimeControl "120+12"]

1. e4 e5 2. Nc3 Nf6 3. Bc4 Nxe4 4. Qh5 Nd6 5. Bb3 Nc6 6. Nb5 g6 7. Qf3 f5 8.
Qd5 Qe7 9. Nxc7+ Kd8 10. Nxa8 b6 11. d3 Bb7 12. Nxb6 axb6 13. Qf3 h5 14. Qg3
Qf6 15. Bg5 Be7 16. Bxf6 Bxf6 17. Qxg6 Rf8 18. Qh6 Rf7 19. Bxf7 Nxf7 20.
Qxf6+ {Black resigns} 1-0

[Event "GambitGuide"]
[Site "Internet Chess Club"]
[Date "2014.10.31"]
[Round "1"]
[White "JSBach"]
[Black "almoehi"]
[Result "1/2-1/2"]
[ICCResult "Game drawn by repetition"]
[WhiteElo "1697"]
[BlackElo "1458"]
[Opening "Vienna: `Frankenstein-Dracula' variation"]
[ECO "C27"]
[NIC "VG.02"]
[Time "14:06:05"]
[TimeControl "120+12"]

1. e4 e5 2. Nc3 Nf6 3. Bc4 Nxe4 4. Qh5 Nd6 5. Bb3 Nc6 6. Nb5 g6 7. Qf3 f5 8.
Qd5 Qe7 9. Nxc7+ Kd8 10. Nxa8 b6 11. d3 e4 12. dxe4 Nxe4 13. Be3 f4 14. f3
Nf6 15. Qf7 Qxe3+ 16. Ne2 Be7 17. Rd1 Rf8 18. Qc4 Bb7 19. Nxb6 axb6 20. Qxf4
Qxf4 21. Nxf4 Kc8 22. a3 Na5 23. Bd5 Nxd5 24. Nxd5 Bxd5 25. Rxd5 Nc4 26. Rb5
Kc7 27. Ke2 Re8 28. Kd3 Nd6 29. Rd5 Kc6 30. c4 Nb7 31. Re5 Nc5+ 32. Ke2 Nb3
33. Re1 Nd4+ 34. Kd3 Nf5 35. f4 d6 36. R5e2 Kd7 37. a4 Rf8 38. g4 Bh4 39.
gxf5 Bxe1 40. fxg6 hxg6 41. Rxe1 Rxf4 42. Re2 g5 43. b3 Kc6 44. Re3 d5 45.
Re6+ Kd7 46. Rxb6 dxc4+ 47. bxc4 Kc7 48. a5 Rf3+ 49. Kd4 Rf2 50. h3 Rf4+ 51.
Kc5 Rf3 52. Rc6+ Kb7 53. a6+ Ka7 54. Rh6 Rf5+ 55. Kb4 Rf4 56. Kb5 Rf5+ 57.
c5 Re5 58. Rh7+ Ka8 59. Rf7 Re3 60. Rh7 Rb3+ 61. Kc4 Ra3 62. Kb5 Rb3+ 63.
Kc4 Ra3 64. Kb5 Rb3+ 65. Kc4 Ra3 66. Kb5 {Game drawn by repetition} 1/2-1/2

[Event "GambitGuide"]
[Site "Internet Chess Club"]
[Date "2014.10.31"]
[Round "1"]
[White "JSBach"]
[Black "airantrobo"]
[Result "0-1"]
[ICCResult "White checkmated"]
[WhiteElo "1697"]
[BlackElo "1346"]
[Opening "Vienna: `Frankenstein-Dracula' variation"]
[ECO "C27"]
[NIC "VG.02"]
[Time "14:09:05"]
[TimeControl "120+12"]

1. e4 e5 2. Nc3 Nf6 3. Bc4 Nxe4 4. Qh5 Nd6 5. Bb3 Nc6 6. Nb5 g6 7. Qf3 f5 8.
Qd5 Qe7 9. Nxc7+ Kd8 10. Nxa8 b6 11. d3 Bb7 12. Nxb6 Nd4 13. Bg5 Qxg5 14.
Qxe5 Qe7 15. Nxd7 Bxg2 16. Be6 Bg7 17. Qa5+ Ke8 18. Nc5 Nxe6 19. O-O-O Nxc5
20. Re1 Ne6 21. Qa4+ Kf7 22. Rxe6 Kxe6 23. d4 Bxh1 24. Kd1 Bxd4 25. Qxd4 Ne4
26. Qxh8 Qd6+ 27. Qd4 Qxd4+ 28. Kc1 Qd2+ 29. Kb1 Qd1# {White checkmated} 0-1

[Event "GambitGuide"]
[Site "Internet Chess Club"]
[Date "2014.10.31"]
[Round "1"]
[White "JSBach"]
[Black "croder"]
[Result "1-0"]
[ICCResult "Black resigns"]
[WhiteElo "1697"]
[BlackElo "1617"]
[Opening "Vienna: `Frankenstein-Dracula' variation"]
[ECO "C27"]
[NIC "VG.02"]
[Time "14:12:57"]
[TimeControl "120+12"]

1. e4 e5 2. Nc3 Nf6 3. Bc4 Nxe4 4. Qh5 Nd6 5. Bb3 Nc6 6. Nb5 g6 7. Qf3 f5 8.
Qd5 Qe7 9. Nxc7+ Kd8 10. Nxa8 b6 11. d3 Bb7 12. Nxb6 axb6 13. Qf3 Qf6 14.
Qe3 h6 15. Qxb6+ Ke7 16. Bd5 Nd8 17. Bxb7 N8xb7 18. Be3 f4 19. Bd2 e4 20.
Bc3 exd3 21. Bxf6+ Kxf6 22. Qd4+ Ke7 23. Qxh8 {Black resigns} 1-0

[Event "GambitGuide"]
[Site "Internet Chess Club"]
[Date "2014.10.31"]
[Round "1"]
[White "JSBach"]
[Black "sneakm"]
[Result "1-0"]
[ICCResult "Black checkmated"]
[WhiteElo "1697"]
[BlackElo "2015"]
[Opening "Vienna: `Frankenstein-Dracula' variation"]
[ECO "C27"]
[NIC "VG.02"]
[Time "14:13:11"]
[TimeControl "120+12"]

1. e4 e5 2. Nc3 Nf6 3. Bc4 Nxe4 4. Qh5 Nd6 5. Bb3 Nc6 6. Nb5 g6 7. Qf3 f5 8.
Qd5 Qe7 9. Nxc7+ Kd8 10. Nxa8 b6 11. d3 Bb7 12. Nxb6 axb6 13. Qf3 f4 14. Qg4
Nd4 15. Ba4 Rg8 16. Bd2 h5 17. Qh3 g5 18. O-O-O g4 19. Qxh5 Bxg2 20. c3 N4f5
21. Ne2 Bxh1 22. Rxh1 f3 23. Bb3 Rg5 24. Bxg5 fxe2 25. Bxe7+ Bxe7 26. Qxg4
e4 27. dxe4 Nh6 28. Qg7 Ng8 29. Qxg8+ Bf8 30. Qxf8+ Ne8 31. Bf7 Kc7 32. Qxe8
Kc6 33. h4 Kb5 34. Qxd7+ Ka6 35. Bc4+ Ka5 36. Qb5# {Black checkmated} 1-0

[Event "GambitGuide"]
[Site "Internet Chess Club"]
[Date "2014.10.31"]
[Round "1"]
[White "JSBach"]
[Black "snus"]
[Result "1-0"]
[ICCResult "Black checkmated"]
[WhiteElo "1697"]
[BlackElo "1451"]
[Opening "Vienna: `Frankenstein-Dracula' variation"]
[ECO "C27"]
[NIC "VG.02"]
[Time "14:10:58"]
[TimeControl "120+12"]

1. e4 e5 2. Nc3 Nf6 3. Bc4 Nxe4 4. Qh5 Nd6 5. Bb3 Nc6 6. Nb5 g6 7. Qf3 f5 8.
Qd5 Qe7 9. Nxc7+ Kd8 10. Nxa8 b6 11. d3 Bb7 12. Nxb6 axb6 13. Qf3 Bg7 14.
Be3 Kc7 15. Bd5 Nd4 16. Bxd4 exd4+ 17. Kf1 Bxd5 18. Qxd5 Qe6 19. Qf3 Re8 20.
a3 Qe5 21. Ne2 Nb7 22. Re1 d5 23. g3 Nd6 24. Kg2 Re7 25. Nxd4 Qf6 26. Rxe7+
Qxe7 27. Qxd5 Bxd4 28. Qxd4 Qd7 29. Qc3+ Kd8 30. Re1 Qb7+ 31. f3 Qc7 32.
Qh8+ Kd7 33. Qxh7+ Kc6 34. Qxc7+ Kxc7 35. Re7+ Kc6 36. Rg7 g5 37. g4 fxg4
38. fxg4 b5 39. h3 b4 40. axb4 Kb5 41. c3 Ne8 42. Rxg5+ Kc6 43. Re5 Nd6 44.
b5+ Kd7 45. g5 Nf7 46. g6 Nxe5 47. g7 Nxd3 48. g8=Q Kc7 49. Qc4+ Nc5 50.
Qxc5+ Kb7 51. b6 Kb8 52. Qc7+ Ka8 53. Qc8# {Black checkmated} 1-0

[Event "GambitGuide"]
[Site "Internet Chess Club"]
[Date "2014.10.31"]
[Round "1"]
[White "JSBach"]
[Black "fearlessone"]
[Result "1-0"]
[ICCResult "Black resigns"]
[WhiteElo "1678"]
[BlackElo "1812"]
[Opening "Vienna: `Frankenstein-Dracula' variation"]
[ECO "C27"]
[NIC "VG.02"]
[Time "14:10:17"]
[TimeControl "120+12"]

1. e4 e5 2. Nc3 Nf6 3. Bc4 Nxe4 4. Qh5 Nd6 5. Bb3 Nc6 6. Nb5 g6 7. Qf3 f5 8.
Qd5 Qe7 9. Nxc7+ Kd8 10. Nxa8 b6 11. d3 Bb7 12. Nxb6 axb6 13. Qf3 e4 14.
dxe4 Nd4 15. Qd3 Nxb3 16. Qxb3 Nc8 17. Be3 Qxe4 18. Nf3 f4 19. Nd2 Qxg2 20.
Bxb6+ Nxb6 21. Qxb6+ Kc8 22. Rf1 Bh6 23. O-O-O Qc6 24. Qd4 Re8 25. Rde1
Rxe1+ 26. Rxe1 f3 27. Qh8+ Kc7 28. Qe5+ Kb6 29. a3 Ba6 30. Qd4+ Kb7 31. Re7
Bxd2+ 32. Kxd2 Kc7 33. Qf4+ Qd6+ 34. Qxd6+ Kxd6 35. Rxh7 {Black resigns} 1-0

[Event "GambitGuide"]
[Site "Internet Chess Club"]
[Date "2014.10.31"]
[Round "1"]
[White "JSBach"]
[Black "croder"]
[Result "1-0"]
[ICCResult "Black resigns"]
[WhiteElo "1678"]
[BlackElo "1617"]
[Opening "Vienna: `Frankenstein-Dracula' variation"]
[ECO "C27"]
[NIC "VG.02"]
[Time "14:13:51"]
[TimeControl "120+12"]

1. e4 e5 2. Nc3 Nf6 3. Bc4 Nxe4 4. Qh5 Nd6 5. Bb3 Nc6 6. Nb5 g6 7. Qf3 f5 8.
Qd5 Qe7 9. Nxc7+ Kd8 10. Nxa8 b6 11. d3 Bb7 12. Nxb6 axb6 13. Qf3 h6 14. Qg3
g5 15. Be3 Kc7 16. Bd2 e4 17. Ne2 exd3 18. Qxd3 Qe4 19. Bd5 Qxd3 20. cxd3
Ne5 21. Bxb7 Nxb7 22. Bc3 Bg7 23. O-O-O Rg8 24. d4 Nc6 25. d5 Nca5 26. Nd4
f4 27. Nb5+ Kb8 28. Bxg7 Rxg7 29. Rhe1 Nc4 30. Re8+ Nd8 31. b3 Nd6 32. Nxd6
Kc7 33. Nf5 Rf7 34. d6+ Kc8 35. Ne7+ Kb7 36. Rxd8 Rxe7 37. dxe7 {Black
resigns} 1-0

[Event "GambitGuide"]
[Site "Internet Chess Club"]
[Date "2014.10.31"]
[Round "1"]
[White "JSBach"]
[Black "almoehi"]
[Result "1-0"]
[ICCResult "Black resigns"]
[WhiteElo "1678"]
[BlackElo "1458"]
[Opening "Vienna: `Frankenstein-Dracula' variation"]
[ECO "C27"]
[NIC "VG.02"]
[Time "14:13:01"]
[TimeControl "120+12"]

1. e4 e5 2. Nc3 Nf6 3. Bc4 Nxe4 4. Qh5 Nd6 5. Bb3 Nc6 6. Nb5 g6 7. Qf3 f5 8.
Qd5 Qe7 9. Nxc7+ Kd8 10. Nxa8 b6 11. d3 e4 12. dxe4 Nxe4 13. Be3 f4 14. f3
fxe3 15. Qxe4 Qxe4 16. fxe4 Bb7 17. Ke2 Bxa8 18. Kxe3 Bc5+ 19. Kd2 Nd4 20.
Bd5 Bxd5 21. exd5 Kc7 22. Rf1 Re8 23. Rf7 h5 24. c3 Nf5 25. a4 Ne3 26. Rg7
Nxd5 27. Rxg6 Nf4 28. Rg3 Bxg1 29. Rxg1 Ne2 30. Re1 Nxg3 31. Rxe8 Nf1+ 32.
Kd3 Nxh2 33. Rh8 Ng4 34. Rxh5 Nf2+ 35. Ke2 Ng4 36. Kf3 Nf6 37. Rf5 Ng8 38.
g4 Ne7 39. Rf7 Ng6 40. Ke4 Kd6 41. Rf6+ Ke7 42. Rxg6 {Black resigns} 1-0

[Event "GambitGuide"]
[Site "Internet Chess Club"]
[Date "2014.10.31"]
[Round "1"]
[White "JSBach"]
[Black "GFranco"]
[Result "1-0"]
[ICCResult "Black resigns"]
[WhiteElo "1697"]
[BlackElo "1634"]
[Opening "Vienna: `Frankenstein-Dracula' variation"]
[ECO "C27"]
[NIC "VG.02"]
[Time "14:14:11"]
[TimeControl "120+12"]

1. e4 e5 2. Nc3 Nf6 3. Bc4 Nxe4 4. Qh5 Nd6 5. Bb3 Nc6 6. Nb5 g6 7. Qf3 f5 8.
Qd5 Qe7 9. Nxc7+ Kd8 10. Nxa8 b6 11. d3 Bb7 12. Nxb6 axb6 13. Qf3 Nd4 14.
Qh3 h5 15. Be3 f4 16. Bxd4 exd4+ 17. Ne2 Bh6 18. Kf1 Re8 19. Nxd4 Nf5 20.
Nf3 Qe2+ 21. Kg1 d5 22. Ba4 Re7 23. Rf1 Bc8 24. Bc6 Ng3 25. hxg3 Bxh3 26.
Rxh3 Qd2 27. Nxd2 {Black resigns} 1-0

[Event "GambitGuide"]
[Site "Internet Chess Club"]
[Date "2014.10.31"]
[Round "1"]
[White "JSBach"]
[Black "jojonini"]
[Result "1-0"]
[ICCResult "Black resigns"]
[WhiteElo "1683"]
[BlackElo "1383"]
[Opening "Vienna: `Frankenstein-Dracula' variation"]
[ECO "C27"]
[NIC "VG.02"]
[Time "14:12:49"]
[TimeControl "120+12"]

1. e4 e5 2. Nc3 Nf6 3. Bc4 Nxe4 4. Qh5 Nd6 5. Bb3 Nc6 6. Nb5 g6 7. Qf3 f5 8.
Qd5 Qe7 9. Nxc7+ Kd8 10. Nxa8 b6 11. d3 Nb4 12. Qf3 e4 13. dxe4 Nxe4 14. Be3
Bb7 15. Nxb6 axb6 16. Qf4 Nc6 17. Bxb6+ Ke8 18. Be3 Bg7 19. Rb1 Na5 20. Qb8+
Qd8 21. Qxd8+ Kxd8 22. Bb6+ Kc8 23. Bxa5 Nc5 24. f3 Re8+ 25. Ne2 g5 26. Bf7
Re7 27. Bg8 g4 28. Rf1 gxf3 29. gxf3 Bc6 30. Bxh7 Bh6 31. Bxf5 Be3 32. Bd2
Bxd2+ 33. Kxd2 Kc7 34. h4 Re5 35. Nd4 Ne6 36. Nxc6 Rxf5 37. Nb4 Nd4 38. Ke3
Ne6 39. Kf2 Rh5 40. Kg3 Nd4 41. f4 Ne2+ 42. Kg4 Rb5 43. Na6+ Kb6 44. c4
{Black resigns}
1-0

[Event "GambitGuide"]
[Site "Internet Chess Club"]
[Date "2014.10.31"]
[Round "1"]
[White "JSBach"]
[Black "FischerKing"]
[Result "1-0"]
[ICCResult "Black resigns"]
[WhiteElo "1683"]
[BlackElo "1739"]
[Opening "Vienna: `Frankenstein-Dracula' variation"]
[ECO "C27"]
[NIC "VG.02"]
[Time "14:14:46"]
[TimeControl "120+12"]

1. e4 e5 2. Nc3 Nf6 3. Bc4 Nxe4 4. Qh5 Nd6 5. Bb3 Nc6 6. Nb5 g6 7. Qf3 f5 8.
Qd5 Qe7 9. Nxc7+ Kd8 10. Nxa8 b6 11. d3 Bb7 12. Nxb6 axb6 13. Qf3 e4 14. Qe3
Ne5 15. Qxb6+ Ke8 16. d4 Ng4 17. Bf4 Bc6 18. Qb8+ Qd8 19. Bxd6 Bxd6 20. Qxd6
Qh4 21. Qb8+ Ke7 22. Qg3 Qf6 23. h3 {Black resigns} 1-0

[Event "GambitGuide"]
[Site "Internet Chess Club"]
[Date "2014.10.31"]
[Round "1"]
[White "JSBach"]
[Black "FischerKing"]
[Result "1-0"]
[ICCResult "Black checkmated"]
[WhiteElo "1702"]
[BlackElo "1739"]
[Opening "Vienna: `Frankenstein-Dracula' variation"]
[ECO "C27"]
[NIC "VG.02"]
[Time "14:16:39"]
[TimeControl "120+12"]

1. e4 e5 2. Nc3 Nf6 3. Bc4 Nxe4 4. Qh5 Nd6 5. Bb3 Nc6 6. Nb5 g6 7. Qf3 f5 8.
Qd5 Qe7 9. Nxc7+ Kd8 10. Nxa8 b6 11. d3 Bb7 12. Nxb6 axb6 13. Qf3 Nb5 14.
Be3 Nbd4 15. Bxd4 Nxd4 16. Qxb7 Nxb3 17. Qb8# {Black checkmated} 1-0

[Event "GambitGuide"]
[Site "Internet Chess Club"]
[Date "2014.10.31"]
[Round "1"]
[White "JSBach"]
[Black "croder"]
[Result "1-0"]
[ICCResult "Black resigns"]
[WhiteElo "1702"]
[BlackElo "1617"]
[Opening "Vienna: `Frankenstein-Dracula' variation"]
[ECO "C27"]
[NIC "VG.02"]
[Time "14:15:27"]
[TimeControl "120+12"]

1. e4 e5 2. Nc3 Nf6 3. Bc4 Nxe4 4. Qh5 Nd6 5. Bb3 Nc6 6. Nb5 g6 7. Qf3 f5 8.
Qd5 Qe7 9. Nxc7+ Kd8 10. Nxa8 b6 11. d3 Bb7 12. Nxb6 axb6 13. Qf3 Kc7 14.
Bd2 h5 15. Qg3 Qf6 16. Bg5 Qg7 17. Bd5 Be7 18. Bxc6 Bxc6 19. Bxe7 Qxe7 20.
Qxg6 f4 21. c4 Qf7 22. Qg5 Rg8 23. Qxe5 Re8 24. Nf3 Rxe5+ 25. Nxe5 Qe6 26.
d4 Nf7 27. O-O Nxe5 28. dxe5 Qxe5 29. b3 Qe4 30. f3 Qe3+ 31. Kh1 Qe5 32.
Rae1 Qg5 33. b4 h4 34. Kg1 h3 35. Re2 hxg2 36. Rxg2 Qh5 37. Rg4 Bxf3 38. Rg7
Bc6 39. Rxf4 Qd1+ 40. Kf2 Qd2+ 41. Kg3 Qxa2 42. Kh3 Qb3+ 43. Kg4 Qxb4 44.
Rg5 Qe1 45. h4 Qg1+ 46. Kf5 Qb1+ 47. Kg4 Qd1+ 48. Kg3 Qe2 49. h5 Qe3+ 50.
Kg4 Qe2+ 51. Kh4 Qh2+ 52. Kg4 Qg2+ 53. Kf5 b5 54. Rxg2 {Black resigns} 1-0

[Event "GambitGuide"]
[Site "Internet Chess Club"]
[Date "2014.10.31"]
[Round "1"]
[White "JSBach"]
[Black "GFranco"]
[Result "1-0"]
[ICCResult "Black resigns"]
[WhiteElo "1702"]
[BlackElo "1634"]
[Opening "Vienna: `Frankenstein-Dracula' variation"]
[ECO "C27"]
[NIC "VG.02"]
[Time "14:15:55"]
[TimeControl "120+12"]

1. e4 e5 2. Nc3 Nf6 3. Bc4 Nxe4 4. Qh5 Nd6 5. Bb3 Nc6 6. Nb5 g6 7. Qf3 f5 8.
Qd5 Qe7 9. Nxc7+ Kd8 10. Nxa8 b6 11. d3 Bb7 12. Nxb6 axb6 13. Qf3 Nd4 14.
Qg3 f4 15. Qg4 Bh6 16. Ba4 e4 17. Kf1 exd3 18. cxd3 Re8 19. Bxf4 N6f5 20.
Bxh6 Ba6 21. f3 Bxd3+ 22. Kf2 Nxh6 23. Qxd4 Ba6 24. Qxb6+ {Black resigns}
1-0